 Dungeon Crawl Stone Soup version 0.30-a0-883-g5ad918d77d (webtiles) character file.

Game seed: 11571709729325405553

5607 Sanktem7 the Cleaver (level 10, -15/91 HPs)
             Began as a Minotaur Fighter on Mar 16, 2023.
             Was a Believer of Okawaru.
             Demolished by a tengu warrior
             ... wielding a +2 battleaxe of freezing
              (17 damage)
             ... on level 8 of the Dungeon.
             The game lasted 00:16:08 (7607 turns).

Sanktem7 the Cleaver (Minotaur Fighter)             Turns: 7607, Time: 00:16:09

Health: -15/91     AC: 18    Str: 24    XL:     10   Next: 45%
Magic:  9/9        EV:  8    Int:  5    God:    Okawaru [**....]
Gold:   568        SH:  6    Dex: 11    Spells: 9/9 levels left

rFire   . . .      SeeInvis .    i - +1 war axe (drain)
rCold   . . .      Faith    .    c - +0 buckler
rNeg    + . .      Spirit   .    h - +0 chain mail
rPois   .          Reflect  .    (helmet restricted)
rElec   .          Rampage  .    p - +2 cloak
rCorr   .                        k - +2 pair of gloves
Will    .....                    (no boots) Stlth
                                 (no amulet)
HPRegen 0.35/turn                m - ring of positive energy
MPRegen 0.11/turn                (no ring)

@: no status effects
A: horns 2, retaliatory headbutt
a: Renounce Religion, Heroism


You were on level 8 of the Dungeon.
You worshipped Okawaru.
Okawaru was pleased with you.
You visited 2 branches of the dungeon, and saw 9 of its levels.
You also visited: Ossuary.

You collected 568 gold pieces.

Inventory:

Hand Weapons
 i - a +1 war axe of draining (weapon)
 u - a +3 mace
Missiles
 b - a throwing net (quivered)
 E - 7 poisoned darts
Armour
 c - a +0 buckler (worn)
 h - a +0 chain mail (worn)
 k - a +2 pair of gloves (worn)
 p - a +2 cloak (worn)
Jewellery
 m - a ring of positive energy (left hand)
Wands
 w - a wand of flame (2)
Scrolls
 j - 2 scrolls of fear
 l - 2 scrolls of torment
Potions
 d - 3 potions of might
 e - a potion of attraction {unknown}
 f - 4 potions of curing
 g - a potion of berserk rage {unknown}
 n - 4 potions of heal wounds
 s - a potion of brilliance
 t - a potion of invisibility {unknown}
 x - 4 potions of flight
 B - 3 potions of cancellation
 C - 3 potions of haste {unknown}
 D - a potion of mutation {unknown}


   Skills:
 + Level 9.2 Fighting
 * Level 12.0 Axes
 + Level 9.2 Armour
 + Level 9.2 Shields


You had 9 spell levels left.
You didn't know any spells.
Your spell library contained the following spells:

 Spells                   Type           Power      Damage    Failure   Level
 Necrotise                Necr           0%         1d4       98%         1
 Blink                    Tloc           0%         N/A       99%         2
 Lesser Beckoning         Tloc           0%         N/A       99%         2
 Momentum Strike          Conj/Tloc      0%         3d8       99%         2
 Sublimation of Blood     Necr           0%         N/A       99%         2
 Wereblood                Tmut           0%         N/A       99%         2
 Ozocubu's Armour         Ice            0%         N/A       100%        3
 Portal Projectile        Hex/Tloc       0%         N/A       100%        3
 Vampiric Draining        Necr           0%         2d6       100%        3
 Agony                    Necr           0%         N/A       100%        5
 Blade Hands              Tmut           0%         N/A       100%        5
 Ozocubu's Refrigeration  Ice            0%         4d7       100%        7
 Tukima's Dance           Hex            Unusable   N/A       N/A         3
 Summon Hydra             Summ           Unusable   N/A       N/A         7

Dungeon Overview and Level Annotations

Branches:
Dungeon (8/15)             Temple (1/1) D:6         Ossuary (visited)
   Lair: D:8-11

Altars:
Ashenzari
Cheibriados
Dithmenos
Elyvilon
Fedhas
Gozag
Hepliaklqana
Kikubaaqudgha
Makhleb
Nemelex Xobeh
Okawaru
Qazlal
Ru
Sif Muna
Trog
Uskayaw
Vehumet
Wu Jian
Xom
Yredelemnul
Zin
The Shining One

Shops:
D:5 =

Annotations:
D:5 3 runed translucent doors, Pimp's ghost, novice FoEE


Innate Abilities, Weirdness & Mutations

You have a pair of horns on your head.
You reflexively headbutt those who attack you in melee.


Message History

You closely miss the tengu warrior. Your headbutt misses the tengu warrior.
The tengu warrior is almost dead.
The tengu warrior hits you with a +2 battleaxe of freezing.
The tengu warrior freezes you.
The tengu warrior pecks you but does no damage.
The tengu warrior claws you but does no damage.
You closely miss the tengu warrior.
The tengu warrior is almost dead.
The tengu warrior hits you with a +2 battleaxe of freezing!
The tengu warrior freezes you.
* * * LOW HITPOINT WARNING * * *
The tengu warrior pecks you but does no damage.
The tengu warrior claws you but does no damage.
You hit the tengu warrior but do no damage.
You headbutt the tengu warrior.
The tengu warrior is almost dead.
The tengu warrior hits you with a +2 battleaxe of freezing.
* * * LOW HITPOINT WARNING * * *
The tengu warrior freezes you.
* * * LOW HITPOINT WARNING * * *
The tengu warrior pecks you but does no damage.
The tengu warrior claws you but does no damage.
You miss the tengu warrior. Your headbutt misses the tengu warrior.
The tengu warrior is almost dead.
You block the tengu warrior's attack. The tengu warrior barely misses you.
The tengu warrior claws you but does no damage.
You hit the tengu warrior.
The tengu warrior is almost dead.
An ice beast comes into view.
The tengu warrior hits you with a +2 battleaxe of freezing!
* * * LOW HITPOINT WARNING * * *
The tengu warrior freezes you.
* * * LOW HITPOINT WARNING * * *
The tengu warrior closely misses you. The tengu warrior barely misses you.
You barely miss the tengu warrior.
The tengu warrior is almost dead.
You slash the tengu warrior!
The tengu warrior is almost dead.
The tengu warrior hits you with a +2 battleaxe of freezing!
You die...

##...## ##.....## ****
######.......# ************,,*
.............#**,,,,,,,,,,,,,*
.............##,,**********,**
###............,,,,,,,,,,,,,*
....##..).#######************
....#...)†..))).########*****###
.......##...###.@Q....Y.,,,,,#.##
.......###....#..##..##.,**,,#.##
...<..###.....#..#*,,#*,,**,,#.##
.......##...#####.,**,,**,,**#.##
..#.#......#.****..**,,**,,**#...
..#.##....###.,**##.,**,,**,,#.##
..#.#*....***..****..**,,**,,#.##
....*,,,,,,*,****,,**,,**,,**#.##
....,,,**,,,** *,,**,,**,,**#.##


You could see a tengu warrior (drained) and an ice beast.

Vanquished Creatures
  A two-headed ogre (D:8)
  A gargoyle (D:8)
  A troll (D:8)
  Sigmund (D:6)
  4 yaks (D:8)
  A wyvern (D:8)
  A water moccasin (D:5)
  5 orc warriors (D:8)
  A sky beast (D:7)
  An ice beast (D:5)
  An ogre (D:6)
  2 black bears
  2 centaurs
  A phantom (D:6)
  6 kobold brigands
  6 bullfrogs
  A gnoll sergeant (D:7)
  A scorpion (D:5)
  4 water moccasin zombies (Ossuary)
  3 howler monkeys (D:8)
  2 jellies
  4 hounds
  3 orc priests
  A gnoll bouda (D:4)
  An iguana (D:5)
  9 orc wizards
  2 mummies (Ossuary)
  27 gnolls
  14 adders
  3 white imps
  5 adder zombies
  2 adder skeletons (D:2)
  A dart slug (D:2)
  31 orcs
  6 bats
  A bat skeleton (D:2)
  6 endoplasms
  5 giant cockroaches
  3 gnoll zombies (Ossuary)
  2 goblins (D:1)
  12 hobgoblins
  13 jackals
  4 quokkas
  8 ball pythons
  2 ball python zombies (D:2)
  4 frilled lizards
  4 hobgoblin zombies (Ossuary)
  39 kobolds
  4 kobold zombies (Ossuary)
  4 orc zombies (Ossuary)
  5 rats
271 creatures vanquished.

Vanquished Creatures (others)
  6 withered plants (D:2)
6 creatures vanquished.

Grand Total: 277 creatures vanquished

Notes
Turn   | Place    | Note
-------+----------+-------------------------------------------
     0 | D:1      | Sanktem7 the Minotaur Fighter began the quest for the Orb.
     0 | D:1      | Reached XP level 1. HP: 19/19 MP: 0/0
    95 | D:1      | Reached XP level 2. HP: 27/27 MP: 1/1
   223 | D:1      | Reached skill level 3 in Axes
   373 | D:1      | Reached XP level 3. HP: 32/33 MP: 2/2
  1051 | D:2      | Reached XP level 4. HP: 40/40 MP: 3/3
  1244 | D:2      | Reached skill level 4 in Axes
  1838 | D:3      | Reached XP level 5. HP: 47/47 MP: 4/4
  1927 | D:3      | Reached skill level 5 in Axes
  2019 | D:3      | Reached XP level 6. HP: 31/55 MP: 5/5
  2140 | D:3      | Reached skill level 5 in Fighting
  2140 | D:3      | Reached skill level 5 in Armour
  2149 | D:3      | Reached skill level 5 in Shields
  2371 | D:3      | Reached skill level 6 in Axes
  2375 | D:3      | Reached XP level 7. HP: 46/61 MP: 6/6
  3848 | D:5      | Entered Level 5 of the Dungeon
  3848 | D:5      | Found Sonwowk's Jewellery Emporium.
  4033 | D:5      | Reached skill level 7 in Axes
  4373 | D:5      | Found a runed translucent gate.
  4374 | D:5      | Found a runed translucent gate.
  4377 | D:5      | Found a runed translucent gate.
  4453 | D:5      | Noticed Pimp's ghost (novice FoEE)
  4536 | D:5      | Reached XP level 8. HP: 35/71 MP: 7/7
  4956 | D:6      | Reached skill level 8 in Axes
  5025 | D:6      | Noticed Sigmund
  5030 | D:6      | Killed Sigmund
  5270 | D:6      | Found a staircase to the Ecumenical Temple.
  5286 | Temple   | Entered the Ecumenical Temple
  5756 | D:7      | Reached skill level 9 in Axes
  5770 | D:7      | Found a sand-covered staircase.
  5814 | D:7      | Reached XP level 9. HP: 71/77 MP: 8/8
  5829 | Ossuary  | Entered an ossuary
  6201 | D:7      | Found an iron altar of Okawaru.
  6204 | D:7      | Found a shimmering blue altar of Sif Muna.
  6215 | D:7      | Found an opulent altar of Gozag.
  6218 | D:7      | Became a worshipper of Warmaster Okawaru
  6487 | D:7      | Reached skill level 10 in Axes
  6761 | D:8      | HP: 2/81 [orc warrior/+0 trident (6)]
  6777 | D:8      | HP: 3/81 [orc priest/divine providence (10)]
  7012 | D:8      | Noticed a tengu warrior
  7060 | D:8      | Noticed a gargoyle
  7066 | D:8      | Killed a gargoyle
  7066 | D:8      | Reached * piety under Okawaru
  7091 | D:8      | Noticed a troll
  7097 | D:8      | Killed a troll
  7098 | D:8      | Reached skill level 11 in Axes
  7114 | D:8      | Reached XP level 10. HP: 25/90 MP: 9/9
  7294 | D:8      | Noticed a two-headed ogre
  7304 | D:8      | Killed a two-headed ogre
  7304 | D:8      | Reached ** piety under Okawaru
  7577 | D:8      | Reached skill level 12 in Axes
  7605 | D:8      | HP: 1/91 [tengu warrior/+2 battleaxe of freezing (6)]
  7607 | D:8      | Demolished by a tengu warrior

Illustrated notes

Levels and vault maps discovered:
D:1:      minmay_arrival_diagonal_passages, layout_basic
D:2:      layout_loops_ring, serial_undead, serial_undead_d, serial_undead_c,
          serial_undead_b, serial_undead_a, serial_undead_e, serial_undead_b,
          serial_undead_e, minmay_box_of_dots
D:3:      minmay_goblin_kobold_castle, layout_rooms
D:4:      layout_basic, serial_curves, eino_curves_03, eino_curves_01
D:5:      minmay_skewed_foursquare, layout_rooms, gammafunk_ghost_icy,
          nicolae_stop_n_shop_2, minivault_5
D:6:      layout_rooms, temple_pool_b, sigmund_army
D:7:      layout_rooms, grunt_temple_overflow_open,
          nicolae_ossuary_entry_monument
D:8:      wad_guarded_room, layout_rooms, amcnicky_mini_pool_medium
Temple:   nicolae_temple_bog_church

Skill      XL: |  1  2  3  4  5  6  7  8  9 10 |
---------------+-------------------------------+-----
Axes           | 3 4 5 6 7 9 11 12 | 12.0
Fighting       | 4 5 6 7 8 9 |  9.2
Shields        | 4 5 6 7 8 9 |  9.2
Armour         | 4 5 6 7 8 9 |  9.2

Action                     |  1- 3 |  4- 6 |  7- 9 | 10-12 || total
---------------------------+-------+-------+-------+-------++-------
  Melee: War axe           |   103 |   167 |   339 |    56 ||   665
         Headbutt          |     8 |    22 |    64 |    17 ||   111
    Use: Potion            |       |       |     3 |       ||     3
         Scroll            |       |       |    15 |     2 ||    17
 Armour: Scale mail        |    27 |       |       |       ||    27
         Chain mail        |    25 |   144 |   222 |    35 ||   426
  Dodge: Dodged            |    44 |    89 |   132 |    24 ||   289
  Block: Buckler           |    29 |    52 |   102 |    10 ||   193

Table legend: (Time is in decaauts)
 A = Elapsed time spent in this place.
 B = Non-inter-level travel time spent in this place.
 C = Inter-level travel time spent in this place.
 D = Time resting spent in this place.
 E = Time spent auto-exploring this place.
 F = Levels seen in this place.
 G = Mean time per level.
                   A        B        C        D        E       F      G
               +--------+--------+--------+--------+--------+-----+--------+
         Total |   7744 |   7614 |    130 |    135 |   5898 |  10 |  774.4 |
       Dungeon |   7310 |   7180 |    130 |    135 |   5593 |   8 |  913.8 |
        Temple |    146 |    146 |      0 |      0 |    124 |   1 |  146.0 |
       Ossuary |    287 |    287 |      0 |      0 |    180 |   1 |  287.0 |
               +--------+--------+--------+--------+--------+-----+--------+

Top non-repeatable levels by time:
     D:3: 1391 daAuts
     D:5: 1102 daAuts
     D:8: 1079 daAuts
     D:4: 990 daAuts
     D:2: 907 daAuts
     D:1: 668 daAuts
     D:6: 642 daAuts
     D:7: 528 daAuts
 Ossuary: 287 daAuts
  Temple: 146 daAuts
